 Dungeon Crawl Stone Soup version 0.28-a0-1412-gf95308ed99 (webtiles) character file.

Game seed: 401020133813687382

165 riojii the Sneak (level 5, -9/29 HPs)
             Began as a Kobold Enchanter on Jan 7, 2022.
             Was an Initiate of Dithmenos.
             Mangled by a wyvern skeleton (12 damage)
             ... on level 4 of the Dungeon.
             The game lasted 00:11:30 (4550 turns).

riojii the Sneak (Kobold Enchanter)                 Turns: 4550, Time: 00:11:31

Health: -9/29      AC:  2    Str:  6    XL:     5   Next: 74%
Magic:  3/8        EV: 15    Int: 16    God:    Dithmenos [......]
Gold:   174        SH:  0    Dex: 17    Spells: 3/8 levels left

rFire   . . .      SeeInvis .   a - +1 dagger
rCold   . . .      Faith    .   (no shield)
rNeg    . . .      Spirit   .   b - +0 robe
rPois   .          Reflect  .   (no helmet)
rElec   .          Harm     .   (no cloak)
rCorr   .          Rampage  .   (no gloves)
Will    .....                   (no boots)
Stlth   ++++......              (no amulet)
HPRegen 0.09/turn               (no ring)
MPRegen 0.11/turn               (no ring)

@: confusing by touch
A: small, no large weapons, nightstalker 3
a: Renounce Religion


You were on level 4 of the Dungeon.
You worshipped Dithmenos.
Dithmenos was noncommittal.
You visited 1 branch of the dungeon, and saw 4 of its levels.

You collected 174 gold pieces.

Inventory:

Hand Weapons
 a - a +1 dagger (weapon)
Armour
 b - a +0 robe (worn)
Magical Staves
 f - a staff of poison
Scrolls
 d - 2 scrolls of immolation {unknown}
 e - 3 scrolls of identify {unknown}
 j - 2 scrolls of noise {unknown}
 m - a scroll of fog {unknown}
 n - a scroll of brand weapon {unknown}
 o - 2 scrolls of teleportation {unknown}
 p - a scroll of blinking {unknown}
Potions
 c - a potion of invisibility
 g - a potion of haste {unknown}
 h - a potion of curing {unknown}
 i - a potion of degeneration {unknown}
 k - a potion of might {unknown}
 l - a potion of cancellation {unknown}


   Skills:
 + Level 1.1 Fighting
 + Level 2.0 Short Blades
 + Level 2.8 Dodging
 + Level 5.7 Stealth
 - Level 2.3 Spellcasting
 + Level 3.9 Hexes
 + Level 2.1 Ice Magic


You had 3 spell levels left.
You knew the following spells:

 Your Spells              Type           Power      Damage    Failure   Level
a - Ensorcelled Hibernat  Hex/Ice        22%        N/A       9%          2
b - Confusing Touch       Hex            14%        N/A       12%         3

Your spell library contained the following spells:

 Spells                   Type           Power      Damage    Failure   Level
 Tukima's Dance           Hex            14%        N/A       12%         3
 Dazzling Flash           Conj/Hex       16%        N/A       26%         3
 Passwall                 Tmut/Erth      0%         N/A       30%         2
 Swiftness                Air            1%         N/A       52%         3
 Summon Lightning Spire   Summ/Air       1%         N/A       89%         4
 Storm Form               Tmut/Air       0%         N/A       100%        7
 Maxwell's Capacitive Co  Air            0%         ∞         100%        8


Dungeon Overview and Level Annotations

Branches:
Dungeon (4/15)
 Temple: D:4-7

Altars:
Dithmenos
Sif Muna

Annotations:
D:3 flotson's ghost, weakling DsGl


Innate Abilities, Weirdness & Mutations

You are small and have problems with some larger weapons.
You are completely attuned to the shadows.


Message History

Your Short Blades skill increases to level 2!
You now have 174 gold pieces (gained 15).
Found a whip.
A wyvern skeleton comes into view.
Found a dark potion.
Found a stone staircase leading up.
Found 20 sling bullets.
The helpless wyvern skeleton fails to defend itself.
You impale the wyvern skeleton!!
The wyvern skeleton is severely damaged.
The wyvern skeleton bites you but does no damage.
You hit the wyvern skeleton.
The wyvern skeleton is severely damaged.
The wyvern skeleton closely misses you.
You hit the wyvern skeleton.
The wyvern skeleton is almost destroyed.
The wyvern skeleton bites you!
Casting: Confusing Touch (quite dangerous; 12% risk of failure)
Confirm with . or Enter, or press ? or * to list all spells.
The spell is quite dangerous to miscast (12% risk of failure)!
Continue anyway?
Your hands begin to glow red.
The wyvern skeleton bites you! The wyvern skeleton misses you.
You hit the wyvern skeleton but do no damage.
The wyvern skeleton appears confused.
The wyvern skeleton is almost destroyed.
You hit the wyvern skeleton.
The wyvern skeleton is almost destroyed.
You hit the wyvern skeleton. You punch the wyvern skeleton.
The wyvern skeleton is almost destroyed.
The wyvern skeleton closely misses you.
You are too injured to fight recklessly!
You hit the wyvern skeleton.
The wyvern skeleton is almost destroyed.
The wyvern skeleton bites you!
* * * LOW HITPOINT WARNING * * *
The wyvern skeleton seems less confused.
Casting: Confusing Touch (quite dangerous; 12% risk of failure)
Confirm with . or Enter, or press ? or * to list all spells.
The spell is quite dangerous to miscast (12% risk of failure)!
Continue anyway?
Your hands begin to glow red.
The wyvern skeleton bites you!
You die...

#########.
####.........
.......)..... #.#
#.......(. #.#
#......... #.######
####Z...!###
####.##...###..@###<.#
......................
>......................
.#.........##########
.#.........#
......^....# ..........
.......... #.........


You could see a wyvern skeleton.

Vanquished Creatures
  Natasha (D:4)
  6 adders
  A worm (D:2)
  2 dart slugs
  3 orcs (D:2)
  6 ball pythons
  7 endoplasms
  A giant cockroach (D:1)
  5 goblins
  9 hobgoblins
  9 jackals
  3 quokkas
  6 bats
  A frilled lizard (D:1)
  6 kobolds
  5 rats
71 creatures vanquished.

Notes
Turn   | Place    | Note
-------+----------+-------------------------------------------
     0 | D:1      | riojii the Kobold Enchanter began the quest for the Orb.
     0 | D:1      | Reached XP level 1. HP: 10/10 MP: 3/3
   104 | D:1      | Reached XP level 2. HP: 15/15 MP: 5/5
   107 | D:1      | Learned a level 2 spell: Ensorcelled Hibernation
   381 | D:1      | Found a faded altar of an unknown god.
  1002 | D:1      | Reached XP level 3. HP: 19/19 MP: 6/6
  1536 | D:2      | Reached skill level 1 in Ice Magic
  1853 | D:2      | Reached skill level 5 in Stealth
  2066 | D:2      | Reached XP level 4. HP: 24/24 MP: 7/7
  2081 | D:2      | Learned a level 3 spell: Confusing Touch
  2444 | D:2      | Found a shadowy altar of Dithmenos.
  2450 | D:2      | Became a worshipper of Dithmenos the Shadowed
  3144 | D:3      | Reached XP level 5. HP: 28/28 MP: 8/8
  3526 | D:3      | Found a shimmering blue altar of Sif Muna.
  3936 | D:3      | Found a large runed translucent door.
  3936 | D:3      | Found a large runed translucent door.
  4092 | D:3      | Noticed flotson's ghost (weakling DsGl)
  4109 | D:3      | HP: 1/28 [flotson's ghost (13)]
  4503 | D:4      | Noticed Natasha
  4507 | D:4      | Killed Natasha
  4508 | D:4      | Reached skill level 1 in Fighting
  4550 | D:4      | Mangled by a wyvern skeleton

Illustrated notes

Levels and vault maps discovered:
D:1:      erik_arrival_cave_to_civilisation [erik_arrival_cave_to_hall],
          layout_loops_ring, hellmonk_ecumenical_altar_inner_sanctum,
          grunt_decor_mini_mirrors
D:2:      kb_forest_paths, layout_loops_ring, basic_altar,
          guppyfry_early_orc_mine
D:3:      layout_loops_ring, mainiacjoe_overflow_small_starburst,
          ebering_ghost_disaster_area, roderic_lattice_a,
          hangedman_decor_points, minmay_misc_feat_room
D:4:      layout_basic, yredelemnul_altar_generic, minitemple, uniq_natasha

Skill      XL: |  1  2  3  4  5 |
---------------+----------------+-----
Ice Magic      | 1 2 |  2.1
Stealth        | 5 |  5.7
Fighting       | 1 |  1.1
Short Blades   | 2 |  2.0
Dodging        | |  2.8
Spellcasting   | |  2.3
Hexes          | |  3.9

Action                   |  1- 3 |  4- 6 || total
-------------------------+-------+-------++-------
Melee: Dagger            |    64 |   166 ||   230
       Punch             |       |     1 ||     1
 Cast: Ensorcelled Hiber |     8 |     9 ||    17
       Confusing Touch   |       |     3 ||     3
 Stab: Sleeping          |    26 |    24 ||    50
Armor: Robe              |     3 |    15 ||    18
Dodge: Dodged            |    33 |   112 ||   145

Table legend: (Time is in decaauts)
 A = Elapsed time spent in this place.
 B = Non-inter-level travel time spent in this place.
 C = Inter-level travel time spent in this place.
 D = Time resting spent in this place.
 E = Time spent auto-exploring this place.
 F = Levels seen in this place.
 G = Mean time per level.
                   A        B        C        D        E       F      G
               +--------+--------+--------+--------+--------+-----+--------+
         Total |   4532 |   4532 |      0 |    386 |   3278 |   4 | 1133.0 |
       Dungeon |   4532 |   4532 |      0 |    386 |   3278 |   4 | 1133.0 |
               +--------+--------+--------+--------+--------+-----+--------+

Top non-repeatable levels by time:
     D:3: 1648 daAuts
     D:2: 1467 daAuts
     D:1: 1332 daAuts
     D:4: 84 daAuts
